 Dungeon Crawl Stone Soup version 0.22-a0-833-g8522bf8 (webtiles) character file.

1767 inc the Firebug (level 9, -12/65 HPs)
             Began as a Gnoll Fire Elementalist on July 25, 2018.
             Was a Follower of Cheibriados.
             Mangled by Harold
             ... wielding a +0 trident
              (13 damage)
             ... on level 7 of the Dungeon.
             The game lasted 00:08:53 (6968 turns).

inc the Firebug (Gnoll Fire Elementalist)           Turns: 6968, Time: 00:08:54

Health: -12/65     AC:  2    Str: 13    XL:     9   Next: 7%
Magic:  0/18       EV: 17    Int: 24    God:    Cheibriados [*.....]
Gold:   320        SH:  0    Dex: 19    Spells: 9/20 levels left

rFire    . . .     SeeInvis .   C - +1 spear (pierce)
rCold    . . .     Gourm    .   (no shield)
rNeg     . . .     Faith    .   a - +0 robe
rPois    +         Spirit   .   (no helmet)
rElec    .         Reflect  .   B - scarf {cloud immunity}
rCorr    .         Harm     .   (no gloves)
MR       +....                  (no boots)
Stlth    +++.......             (no amulet)
HPRegen  0.20/turn              l - ring of protection from magic
MPRegen  0.16/turn              r - ring of poison resistance

@: marked, very slightly contaminated, very slow
A: distributed training, fangs 1, strong nose
a: Bend Time, Renounce Religion


You were on level 7 of the Dungeon.
You worshipped Cheibriados.
Cheibriados was aware of your devotion.
You were near starving.

You visited 2 branches of the dungeon, and saw 8 of its levels.

You collected 320 gold pieces.

Inventory:

Hand Weapons
 g - a +0 short sword
 C - a +1 spear of piercing (weapon)
Armour
 a - a +0 robe (worn)
 B - a scarf of cloud immunity (worn)
 D - the cursed +0 shield of Xoniupok {rF+ MR++ Regen+ Int-5, unknown}
   (You found it on level 6 of the Dungeon)

   It affects your intelligence (-5).
   It protects you from fire.
   It affects your resistance to hostile enchantments.
   It increases your rate of regeneration.
   It has a curse placed upon it.
Jewellery
 l - a ring of protection from magic (left hand)
 r - a ring of poison resistance (right hand)
 w - an uncursed ring of resist corrosion
 y - an uncursed ring of protection from cold
 z - an uncursed ring of ice
 A - a +3 ring of dexterity
Wands
 v - a wand of iceblast (5)
 x - a wand of random effects (13)
 E - a wand of clouds (7)
 F - a wand of flame (32)
Scrolls
 b - 8 scrolls of identify {unknown}
 e - a scroll of teleportation {unknown}
 f - 4 scrolls of remove curse {unknown}
 h - 5 scrolls of fog {unknown}
 j - 2 scrolls of magic mapping {unknown}
 k - 3 scrolls of amnesia {unknown}
 n - a scroll of enchant weapon {unknown}
 o - a scroll of random uselessness {unknown}
 q - a scroll of fear {unknown}
 t - 2 scrolls of enchant armour {unknown}
Potions
 d - 3 potions of curing {unknown}
 i - a potion of heal wounds {unknown}
 m - a potion of cancellation {unknown}
 p - a potion of ambrosia {unknown}
 s - a potion of mutation {unknown}
 u - a potion of flight {unknown}
 G - a potion of lignification {unknown}
 H - a potion of magic {unknown}
Comestibles
 c - 12 rations


   Skills:
 + Level 3.8 Fighting
 + Level 3.8 Short Blades
 + Level 3.8 Long Blades
 + Level 3.8 Axes
 + Level 3.8 Maces & Flails
 + Level 3.8 Polearms
 + Level 3.8 Staves
 + Level 3.8 Slings
 + Level 3.8 Bows
 + Level 3.8 Crossbows
 + Level 3.8 Throwing
 + Level 3.8 Armour
 + Level 6.0 Dodging
 + Level 5.7 Stealth
 + Level 3.8 Shields
 + Level 3.8 Unarmed Combat
 + Level 6.3 Spellcasting
 + Level 3.8 Conjurations
 + Level 3.1 Hexes
 + Level 3.1 Charms
 + Level 3.1 Summonings
 + Level 3.1 Necromancy
 + Level 3.1 Translocations
 + Level 3.1 Transmutations
 + Level 6.3 Fire Magic
 + Level 3.1 Ice Magic
 + Level 3.1 Air Magic
 + Level 3.1 Earth Magic
 + Level 3.1 Poison Magic
 + Level 4.1 Invocations
 + Level 3.8 Evocations


You had 9 spell levels left.
You knew the following spells:

 Your Spells              Type           Power        Failure   Level  Hunger
a - Flame Tongue          Conj/Fire      ####.        1%          1    None
b - Conjure Flame         Conj/Fire      ####....     2%          3    None
c - Sticky Flame          Conj/Fire      ####....     10%         4    ###....
d - Inner Flame           Hex/Fire       ####....     3%          3    None

Your spell library contained the following spells:

 Spells                   Type           Power        Failure   Level  Hunger
 Fireball                 Conj/Fire      ####......   26%         5    #####..
 Throw Flame              Conj/Fire      ####..       1%          2    None


Dungeon Overview and Level Annotations

Branches:
Dungeon (7/15)             Temple (1/1) D:5

Altars:
Ashenzari
Cheibriados
Elyvilon
Fedhas
Kikubaaqudgha
Makhleb
Qazlal
Ru
Sif Muna
Uskayaw
Wu Jian
Xom
Zin
The Shining One

Annotations:
D:3 Cefor's ghost, amateur DECj
D:7 Harold


Innate Abilities, Weirdness & Mutations

Your experience applies equally to all skills.
You have very sharp teeth.
Your uncanny sense of smell can sniff out nearby items.


Message History

Harold burns!
Harold barely misses you.
Casting: Sticky Flame (safe; 10% risk of failure)
Confirm with . or Enter, or press ? or * to list all spells.
Aiming: Flame Tongue (safe; 1% risk of failure)
Press: ? - help, Shift-Dir - straight line, f/p - Harold
Aim: Harold, wielding a trident and wearing a chain mail (almost dead, covered in liquid flames)
The flame tongue hits Harold.
Harold is almost dead.
Harold burns!
Harold hits you with a trident!
* * * LOW HITPOINT WARNING * * *
An ogre comes into view. It is wielding a giant spiked club.
Casting: Flame Tongue (safe; 1% risk of failure)
Confirm with . or Enter, or press ? or * to list all spells.
Aiming: Flame Tongue (safe; 1% risk of failure)
Press: ? - help, Shift-Dir - straight line, f/p - Harold
Aim: Harold, wielding a trident and wearing a chain mail (almost dead, covered in liquid flames)
The flame tongue hits Harold.
Harold appears unharmed.
Harold is almost dead.
Harold burns!
Harold hits you with a trident!
You die...

.# .# ######## .#
#......####.#
#.####......#####
###.#
####........
#.<.#
#..@........
#...#.#
#..#@####..#
#.#(..# #..#.# ..
# ##..# #..#.#
#..# #@.#.# #..#
...O.# #...
.......
.......#.#
.........
##.##..#.#


You could see Harold (burning) and an ogre.

Vanquished Creatures
  2 ice beasts
  3 ogres
  A black bear (D:6)
  3 bullfrogs
  Blork the orc (D:6)
  2 scorpions
  5 wights (D:6)
  A jelly (D:5)
  A howler monkey (D:4)
  2 orc wizards (D:6)
  2 bullfrog skeletons
  An orc priest (D:6)
  2 hounds
  Natasha (thrice) (D:2)
  4 worker ants
  6 gnolls
  8 adders
  2 oozes
  An adder skeleton (D:6)
  A worm (D:3)
  4 dart slugs
  8 leopard geckos
  6 orcs
  3 giant cockroaches
  7 goblins
  14 hobgoblins
  5 jackals
  3 quokkas
  4 ball pythons
  8 bats
  7 frilled lizards
  9 kobolds
  5 rats
  2 butterflies (D:5)
136 creatures vanquished.

Notes
Turn   | Place    | Note
-------+----------+-------------------------------------------
     0 | D:1      | inc the Gnoll Fire Elementalist began the quest for the Orb.
     0 | D:1      | Reached XP level 1. HP: 13/13 MP: 6/6
   170 | D:1      | Reached XP level 2. HP: 19/19 MP: 5/7
   653 | D:2      | Reached XP level 3. HP: 23/25 MP: 6/9
   658 | D:2      | Reached skill level 5 in Spellcasting
   776 | D:2      | Reached skill level 1 in Invocations
   859 | D:2      | Reached skill level 1 in Fighting
   859 | D:2      | Reached skill level 1 in Short Blades
   859 | D:2      | Reached skill level 1 in Long Blades
   859 | D:2      | Reached skill level 1 in Axes
   859 | D:2      | Reached skill level 1 in Maces & Flails
   859 | D:2      | Reached skill level 1 in Polearms
   859 | D:2      | Reached skill level 1 in Staves
   859 | D:2      | Reached skill level 1 in Slings
   859 | D:2      | Reached skill level 1 in Bows
   859 | D:2      | Reached skill level 1 in Crossbows
   859 | D:2      | Reached skill level 1 in Throwing
   859 | D:2      | Reached skill level 1 in Armour
   859 | D:2      | Reached skill level 1 in Shields
   859 | D:2      | Reached skill level 1 in Unarmed Combat
   859 | D:2      | Reached skill level 1 in Evocations
   931 | D:2      | Reached XP level 4. HP: 32/32 MP: 9/11
  1073 | D:2      | Noticed Natasha
  1078 | D:2      | Killed Natasha
  1159 | D:2      | Reached skill level 1 in Hexes
  1159 | D:2      | Reached skill level 1 in Charms
  1159 | D:2      | Reached skill level 1 in Summonings
  1159 | D:2      | Reached skill level 1 in Necromancy
  1159 | D:2      | Reached skill level 1 in Translocations
  1159 | D:2      | Reached skill level 1 in Transmutations
  1159 | D:2      | Reached skill level 1 in Ice Magic
  1159 | D:2      | Reached skill level 1 in Air Magic
  1159 | D:2      | Reached skill level 1 in Earth Magic
  1159 | D:2      | Reached skill level 1 in Poison Magic
  1164 | D:2      | Noticed Natasha
  1175 | D:2      | Killed Natasha
  1175 | D:2      | Reached XP level 5. HP: 8/37 MP: 1/12
  1180 | D:2      | Learned a level 3 spell: Conjure Flame
  1185 | D:2      | Learned a level 4 spell: Sticky Flame
  1488 | D:2      | Noticed Natasha
  1495 | D:2      | Killed Natasha
  2346 | D:3      | Found a blossoming altar of Fedhas.
  2450 | D:3      | Found a transporter.
  2450 | D:3      | Noticed Cefor's ghost (amateur DECj)
  2453 | D:3      | Noticed an ogre
  2454 | D:3      | Found a transporter.
  2772 | D:3      | Noticed an ogre
  2811 | D:3      | Reached XP level 6. HP: 44/44 MP: 8/13
  3147 | D:4      | Reached skill level 5 in Dodging
  3223 | D:4      | Found an ancient bone altar of Kikubaaqudgha.
  3356 | D:4      | Reached XP level 7. HP: 50/50 MP: 8/15
  3504 | D:4      | Found a shattered altar of Ashenzari.
  3529 | D:4      | Found a glowing golden altar of the Shining One.
  3862 | D:5      | Entered Level 5 of the Dungeon
  4136 | D:5      | Found a staircase to the Ecumenical Temple.
  4174 | Temple   | Entered the Ecumenical Temple
  4293 | Temple   | Became a worshipper of Cheibriados the Contemplative
  4489 | D:5      | Found a sacrificial altar of Ru.
  4505 | D:5      | Reached skill level 5 in Stealth
  4537 | D:5      | Found a shimmering altar of Xom.
  5090 | D:6      | Reached XP level 8. HP: 30/57 MP: 10/16
  5343 | D:6      | Learned a level 3 spell: Inner Flame
  5408 | D:6      | Got a distressingly furry shield
  5758 | D:6      | Reached * piety under Cheibriados
  6120 | D:6      | Noticed Blork the orc
  6126 | D:6      | Killed Blork the orc
  6434 | D:6      | Reached XP level 9. HP: 52/65 MP: 14/18
  6942 | D:7      | Noticed Harold
  6967 | D:7      | HP: 1/65 [Harold/trident (17)]
  6968 | D:7      | Mangled by Harold

Vault maps used:
D:1:      dpeg_arrival_connections
D:2:      cheibrodos_greedy_goblins, uniq_natasha
D:3:      first_ration, gammafunk_ghost_smash, fedhas_altar_3
D:4:      ashenzari_conservatory_becter, lemuel_crystal_altar, tso_oasis_becter
D:5:      nicolae_ru_great_annihilating_truth, xom_butterflies,
          minmay_temple_entry_statues_pillars
D:6:      uniq_blork_the_orc
D:7:      nemelex_xobeh_ov_fountains_minmay, uniq_harold
Temple:   nicolae_temple_figure_zero

Skill      XL: |  1  2  3  4  5  6  7  8 |
---------------+-------------------------+-----
Conjurations   | 2 3 |  3.8
Spellcasting   | 5 6 |  6.3
Invocations    | 1 2 3 4 |  4.1
Fighting       | 1 2 3 |  3.8
Short Blades   | 1 2 3 |  3.8
Long Blades    | 1 2 3 |  3.8
Axes           | 1 2 3 |  3.8
Maces & Flails | 1 2 3 |  3.8
Polearms       | 1 2 3 |  3.8
Staves         | 1 2 3 |  3.8
Slings         | 1 2 3 |  3.8
Bows           | 1 2 3 |  3.8
Crossbows      | 1 2 3 |  3.8
Throwing       | 1 2 3 |  3.8
Armour         | 1 2 3 |  3.8
Shields        | 1 2 3 |  3.8
Unarmed Combat | 1 2 3 |  3.8
Evocations     | 1 2 3 |  3.8
Hexes          | 1 2 3 |  3.1
Charms         | 1 2 3 |  3.1
Summonings     | 1 2 3 |  3.1
Necromancy     | 1 2 3 |  3.1
Translocations | 1 2 3 |  3.1
Transmutations | 1 2 3 |  3.1
Ice Magic      | 1 2 3 |  3.1
Air Magic      | 1 2 3 |  3.1
Earth Magic    | 1 2 3 |  3.1
Poison Magic   | 1 2 3 |  3.1
Dodging        | 5 6 |  6.0
Stealth        | 5 |  5.7
Fire Magic     | 6 |  6.3

Action                   |  1- 3 |  4- 6 |  7- 9 || total
-------------------------+-------+-------+-------++-------
Melee: Unarmed           |     3 |       |       ||     3
       Short sword       |     1 |     4 |     4 ||     9
       Spear             |       |       |     1 ||     1
 Cast: Flame Tongue      |    48 |   120 |   139 ||   307
       Sticky Flame      |       |     1 |     5 ||     6
       Conjure Flame     |       |       |     2 ||     2
       Inner Flame       |       |       |     1 ||     1
  Eat: Chunk             |       |     7 |     6 ||    13
       Ration            |       |       |     1 ||     1
Armor: Robe              |     2 |     3 |     2 ||     7
Dodge: Dodged            |    17 |    45 |    43 ||   105

Table legend:
 A = Spawn XP
 B = Non-spawn XP
 C = Spawn XP percentage of total XP
 D = Spawn monster count
 E = Non-spawn monster count
 F = Spawn count percentage of total count
 G = Total turns spent on level
                    A         B        C        D         E        F      G
               +---------+---------+-------+---------+---------+-------+---------
         Total |       0 |    2525 |   0.0 |       0 |     134 |   0.0 |  6968
               +---------+---------+-------+---------+---------+-------+---------
           D:1 |       0 |      33 |   0.0 |       0 |      18 |   0.0 |   649
           D:2 |       0 |     206 |   0.0 |       0 |      42 |   0.0 |  1829
           D:3 |       0 |      93 |   0.0 |       0 |      18 |   0.0 |   563
           D:4 |       0 |     461 |   0.0 |       0 |      15 |   0.0 |   821
           D:5 |       0 |     303 |   0.0 |       0 |      10 |   0.0 |  1041
           D:6 |       0 |    1429 |   0.0 |       0 |      31 |   0.0 |  1896
               +---------+---------+-------+---------+---------+-------+---------
